 Dungeon Crawl Stone Soup version 0.21-a0-52-gbf49515 (webtiles) character file.

66870 MackTheKnife the Unseen (level 14, -6/77 HPs)
             Began as a Spriggan Assassin on June 13, 2017.
             Was the Champion of Kikubaaqudgha.
             Mangled by a yak (17 damage)
             ... in an ice cave on June 14, 2017.
             The game lasted 01:04:08 (32330 turns).

MackTheKnife the Unseen (Spriggan Assassin)        Turns: 32330, Time: 01:04:08

Health: -6/77      AC:  8    Str:  7    XL:     14   Next: 80%
Magic:  29/29      EV: 31    Int: 16    God:    Kikubaaqudgha [******]
Gold:   1144       SH:  0    Dex: 21    Spells: 17/33 levels left

rFire    x . .     SeeInvis +   a - +9 rapier (pain)
rCold    + + .     Gourm    .   (shield restricted)
rNeg     + . .     Faith    .   V - +1 robe {rN+}
rPois    .         Spirit   .   (helmet restricted)
rElec    .         Reflect  .   d - +2 cloak
rCorr    .         Harm     .   (gloves unavailable)
MR       ++...                  (boots unavailable)
Stlth    +++++++...             P - amulet of magic regeneration
Regen    0.3/turn               O - +2 ring of protection
MPRegen  0.4/turn               U - ring of ice {rC+, rF-}

@: studying Translocations, very quick
A: unfitting armour, horns 1, see invisible, agile 1, cold resistance 1,
herbivore 3, speed 3, slow metabolism 2
a: Receive Corpses, Torment, Renounce Religion


You were in an ice cave.
You worshipped Kikubaaqudgha.
Kikubaaqudgha was exalted by your worship.
You were hungry.

You visited 4 branches of the dungeon, and saw 23 of its levels.
You also visited: Sewer, Ossuary and Ice Cave.

You collected 1530 gold pieces.
You spent 386 gold pieces at shops.

Inventory:

Hand Weapons
 a - a +9 rapier of pain (weapon)
   (You took it off Eustachio on level 5 of the Dungeon)
 R - a +0 blowgun
Missiles
 f - 2 curare-tipped needles
Armour
 d - a +2 cloak (worn)
 i - a +0 buckler
   (You took it off a spriggan on level 6 of the Lair of Beasts)
 V - a +1 robe of positive energy (worn)
   (You found it on level 13 of the Dungeon)
Magical Staves
 b - an uncursed staff of wizardry {wiz+, !a}
   (You found it on level 1 of the Lair of Beasts)
Jewellery
 k - an uncursed ring of fire {rF+, rC-}
   (You took it off a hobgoblin on level 1 of the Dungeon)
 I - an uncursed ring of positive energy {rN+}
   (You found it on level 6 of the Lair of Beasts)
 N - an uncursed ring of wizardry {Wiz+, !d}
   (You found it on level 9 of the Dungeon)
 O - a +2 ring of protection (left hand)
   (You found it on level 10 of the Dungeon)
 P - an amulet of magic regeneration (around neck)
   (You found it on level 12 of the Dungeon)
 U - a ring of ice (right hand) {rC+, rF-}
   (You found it on level 13 of the Dungeon)
Wands
 c - a wand of scattershot (2/9)
   (You found it on level 13 of the Dungeon)
 m - a wand of flame (21/48)
   (You found it on level 14 of the Dungeon)
 u - a wand of polymorph (3/24)
   (You found it on level 6 of the Dungeon)
 F - a wand of confusion (20/48)
   (You found it on level 4 of the Lair of Beasts)
 Q - a wand of iceblast (4/15)
   (You found it on level 1 of the Lair of Beasts)
 T - a wand of confusion (3/48)
   (You found it on level 2 of the Lair of Beasts)
Scrolls
 l - 7 scrolls of remove curse
 o - a scroll of enchant weapon
 q - 14 scrolls of teleportation
 s - a scroll of vulnerability {!r!r}
 y - 2 scrolls of amnesia
 B - 4 scrolls of blinking {!r}
 C - 8 scrolls of identify
 E - a scroll of magic mapping {!r}
 G - 2 scrolls of fear
 J - 5 scrolls of fog
Potions
 h - 16 potions of curing
 j - a potion of invisibility
 n - 2 potions of might
 p - 5 potions of flight
 r - 4 potions of berserk rage {!q}
 v - 5 potions of brilliance
 w - 3 potions of heal wounds
 z - 3 potions of cancellation
 A - 5 potions of agility
 H - a potion of resistance
 M - a potion of haste
 S - a potion of magic
Books
 e - a manual of Translocations {!d}
   (You found it on level 13 of the Dungeon)
 x - the Reference Book on Ignition and Poisoning
   (You found it in an ice cave)

   Spells                             Type                      Level
   a - Sting                          Conjuration/Poison           1
   b - Spider Form                    Transmutation/Poison         3
   c - Sticky Flame                   Conjuration/Fire             4
   d - Olgreb's Toxic Radiance        Poison                       4
   e - Bolt of Magma                  Conjuration/Fire/Earth       5
 D - Kikubaaqudgha's Collected Works on Stolen Souls
   (Kikubaaqudgha gifted it to you in an ossuary)

   Spells                             Type                      Level
   a - Pain                           Necromancy                   1
   b - Corpse Rot                     Necromancy                   2
   c - Sublimation of Blood           Necromancy                   2
   d - Vampiric Draining              Necromancy                   3
   e - Control Undead                 Necromancy                   4
 L - Kikubaaqudgha's Collected Works on Unholy Arts
   (Kikubaaqudgha gifted it to you on level 9 of the Dungeon)

   Spells                             Type                      Level
   a - Excruciating Wounds            Charms/Necromancy            5
   b - Agony                          Necromancy                   5
   c - Cigotuvi's Embrace             Necromancy                   5
   d - Dispel Undead                  Necromancy                   5
   e - Simulacrum                     Ice/Necromancy               6
 W - Sif Muna's Volume of Transmigration
   (You found it on level 13 of the Dungeon)

   Spells                             Type                      Level
   a - Passwall                       Transmutation/Earth          2
   b - Ignite Poison                  Fire/Transmutation/Poison    3
Comestibles
 g - 10 bread rations {@e1}
 t - 35 fruits
 K - 5 royal jellies


   Skills:
 - Level 10.2 Fighting
 - Level 12.4 Short Blades
 - Level 2.0 Throwing
 - Level 12.6 Dodging
 - Level 16.4 Stealth
 + Level 10.2 Spellcasting
 + Level 11.1 Necromancy
 + Level 5.0 Ice Magic


You had 17 spell levels left.
You knew the following spells:

 Your Spells              Type           Power        Failure   Level  Hunger
a - Simulacrum            Ice/Necr       ######....   43%         6    ######.
b - Dispel Undead         Necr           #####...     2%          5    #####..
c - Agony                 Necr           #####...     2%          5    #####..


Dungeon Overview and Level Annotations

Branches:
Dungeon (14/15)            Temple (1/1) D:7            Lair (6/6) D:8
  Swamp (0/4) Lair:3        Snake (0/4) Lair:3        Slime (0/5) Lair:6
    Orc (2/2) D:12         Vaults (0/5) D:13
    Elf: Orc:2

Altars:
Ashenzari
Cheibriados
Elyvilon
Fedhas
Gozag
Hepliaklqana
Kikubaaqudgha
Makhleb
Nemelex Xobeh
Ru
Sif Muna
Trog
Uskayaw
Vehumet
Wu Jian
Xom
Zin
The Shining One
Beogh

Shops:
D:6 ?   D:7 !   D:10 ?

Annotations:
D:3 Grinder
D:4 Menkaure
D:5 Dowan, Duvessa
D:7 Eptagon's ghost, novice OpFi
D:13 exclusion: orange crystal statue
Lair:1 MirrMurr's ghost, journeyman HOFi
Lair:3 exclusion: oklob plant


Innate Abilities, Weirdness & Mutations

You are very small and have problems with some larger weapons.
You are too small for most types of armour.
You have supernaturally acute eyesight. (SInv)
You are a herbivore.
You cover ground extremely quickly.
You need consume almost no food.
You have a pair of small horns on your head.
You are agile. (Dex +2)
Your flesh is cold resistant. (rC+)


Message History

Kikubaaqudgha accepts your kill.
A yak comes into view.
You see here a wolf corpse.
The helpless yak fails to defend itself.
You stick the yak like a pincushion!!!!
You kill the yak!
Kikubaaqudgha accepts your kill.
You see here a wolf corpse.
Really walk into that cloud of freezing vapour? [Y]es or [N]o only, please.
Really walk into that cloud of freezing vapour?
Okay, then.
A yak comes into view.
A wolf comes into view. 2 yaks come into view.
The yak bellows!
A wolf comes into view. 2 yaks come into view.
The yak bellows!
The wolf moves out of view.
You are feeling hungry.
You hit the yak.
The yak writhes in agony.
You headbutt the yak. The yak completely misses you.
You puncture the yak!
The yak writhes in agony.
Your headbutt misses the yak. You hit the yak.
The yak writhes in agony.
You kill the yak!
Kikubaaqudgha accepts your kill. The wolf completely misses you.
The wolf howls!
The yak bellows!
You puncture the wolf!
The wolf writhes in agony.
You kill the wolf!
Kikubaaqudgha accepts your kill. The wolf completely misses you.
You closely miss the wolf. The wolf completely misses you.
You miss the wolf. The wolf bites you but does no damage.
You hit the wolf.
The wolf writhes in agony.
You headbutt the wolf. The wolf misses you.
You hit the wolf. The wolf completely misses you.
You barely miss the wolf. The wolf completely misses you.
The yak closely misses you.
You hit the wolf.
You kill the wolf!
Kikubaaqudgha accepts your kill.
You hit the yak.
The yak writhes in agony.
The yak misses you.
You puncture the yak!
The yak writhes in agony.
The yak gores you!
You take 9 damage, and have 68/77 hp.
You barely miss the yak.
The yak snorts and paws the ground.
The yak misses you.
You closely miss the yak. You headbutt the yak, but do no damage.
The yak completely misses you. x2
You puncture the yak!
The yak writhes in agony.
You hit the yak but do no damage.
The yak writhes in agony.
You kill the yak!
Kikubaaqudgha accepts your kill.
The yak snorts and paws the ground.
The yak misses you.
You barely miss the yak. You headbutt the yak. The yak completely misses you.
You puncture the yak!
The yak writhes in agony.
You headbutt the yak, but do no damage. The yak completely misses you.
You hit the yak.
The yak writhes in agony.
The yak completely misses you.
You completely miss the yak. The yak completely misses you.
You completely miss the yak. The yak misses you.
You hit the yak.
The yak writhes in agony.
The yak gores you! x2
You take 20 damage, and have 50/77 hp.
MASSIVE DAMAGE!!
You puncture the yak!
You kill the yak!
Kikubaaqudgha accepts your kill.
Your Ice Magic skill increases to level 5!
The yak gores you!
You take 10 damage, and have 40/77 hp.
You hit the yak.
The yak writhes in agony.
You barely miss the yak. You headbutt the yak, but do no damage.
The yak barely misses you. The yak closely misses you.
You are too injured to fight recklessly!
You are too injured to fight recklessly!
You are too injured to fight recklessly!
You puncture the yak!
The yak writhes in agony.
You barely miss the yak. The yak misses you. The yak gores you!
You hit the yak.
The yak writhes in agony.
You take 9 damage, and have 31/77 hp.
You barely miss the yak. The yak misses you. The yak completely misses you.
You hit the yak.
You kill the yak!
Kikubaaqudgha accepts your kill.
You hit the yak.
The yak writhes in agony.
You headbutt the yak. The yak gores you!
* * * LOW HITPOINT WARNING * * *
You take 11 damage, and have 21/77 hp.
You puncture the yak!
The yak writhes in agony.
The yak completely misses you.
You barely miss the yak. You headbutt the yak, but do no damage.
You hit the yak but do no damage. The yak gores you!
* * * LOW HITPOINT WARNING * * *
You take 10 damage, and have 11/77 hp.
You hit the yak.
The yak writhes in agony.
You completely miss the yak. You headbutt the yak. The yak gores you!
You die...
Kikubaaqudgha rasps: "You have failed me!
Welcome... death!"

Y.# ..
#.# ..
#.##
#..#
#.##
#Y†#
##@#
##..##
#....##
#†###.#
##...##
##.§##
##§§#
##§#
#§##


You could see a yak.

Vanquished Creatures
  An ice dragon (D:13)
  6 hydras
  A catoblepas (Lair:6)
  2 centaur warriors
  An ogre mage (D:13)
  4 two-headed ogres
  A tengu warrior (D:10)
  6 death yaks
  A deep elf knight (D:13)
  4 skeletal warriors (D:13)
  An unseen horror (D:13)
  Pikel (D:6)
  2 manticores
  A wolf spider (D:11)
  An ugly thing (D:13)
  2 deep elf magi (D:13)
  4 slime creatures (D:13)
  3 black mambas
  3 elephants (Lair:5)
  A centaur zombie (D:12)
  A torpor snail (Lair:4)
  13 spiny frogs
  A gargoyle (D:12)
  An ice statue (IceCv)
  3 centaur skeletons
  6 komodo dragons
  A rime drake (Lair:2)
  A tyrant leech (Lair:3)
  5 hornets
  4 trolls
  10 blink frogs
  10 polar bears
  2 dream sheep (Lair:6)
  A meliai zombie (D:12)
  13 hippogriffs
  A centaur simulacrum (D:12)
  2 vampires
  A shadow (D:12)
  10 spriggans
  A wraith (D:12)
  3 basilisks
  3 wyverns
  52 yaks
  2 hungry ghosts
  Eustachio (D:5)
  4 vampire mosquitoes (D:13)
  A steam dragon (D:11)
  2 acid dragons
  15 water moccasins
  8 porcupines
  3 sky beasts (D:9)
  4 black bears
  9 orc warriors
  5 ice beasts
  An eye of draining (D:12)
  A necrophage (D:7)
  4 boggarts
  33 wolves
  10 ogres
  6 crocodiles
  21 centaurs
  4 big kobolds
  13 bullfrogs
  An elf zombie (D:7)
  A wyvern skeleton (D:10)
  3 water moccasin zombies (Ossuary)
  A scorpion (D:9)
  10 killer bees
  7 wights
  3 electric eels
  2 howler monkeys
  A vampire bat (Lair:1)
  7 crimson imps
  A bullfrog zombie (D:11)
  2 quasits
  12 jellies
  12 orc priests
  8 hounds
  2 orc wizards (Orc:1)
  3 bullfrog skeletons
  3 iguanas
  Jessica (D:3)
  3 human skeletons (D:7)
  10 worker ants
  3 big kobold zombies (Ossuary)
  A hound zombie (D:8)
  2 mummies (Ossuary)
  Robin (D:2)
  2 gnolls (D:7)
  27 adders
  2 shadow imps
  2 white imps (D:12)
  2 ufetubi (D:12)
  3 oozes
  7 adder zombies
  2 adder skeletons
  A worm (D:2)
  6 dart slugs
  6 leopard geckos
  49 orcs
  19 giant cockroaches
  16 goblins
  12 hobgoblins
  4 jackals (D:2)
  21 kobolds
  4 quokkas
  4 ball pythons
  16 bats
  9 frilled lizards
  3 gnoll zombies (Ossuary)
  2 hobgoblin zombies (Ossuary)
  5 kobold zombies (Ossuary)
  2 orc skeletons (D:7)
  6 orc zombies (Ossuary)
  A quokka skeleton (D:4)
  14 rats
685 creatures vanquished.

Vanquished Creatures (collateral kills)
  A hornet (Lair:5)
  A spriggan (Lair:5)
  A fungus (Lair:5)
  A plant (Lair:5)
4 creatures vanquished.

Vanquished Creatures (others)
  4 yaks (IceCv)
  2 slaves (D:6)
  A hound (D:14)
  3 orcs (D:6)
  A quokka (D:6)
  15 fungi
  11 plants
37 creatures vanquished.

Grand Total: 726 creatures vanquished

Notes
Turn   | Place    | Note
-------+----------+-------------------------------------------
     0 | D:1      | MackTheKnife the Spriggan Assassin began the quest for the Orb.
     0 | D:1      | Reached XP level 1. HP: 10/10 MP: 2/2
     8 | D:1      | Reached skill level 6 in Stealth
   347 | D:1      | Reached XP level 2. HP: 8/14 MP: 3/3
   574 | D:1      | Reached skill level 7 in Stealth
  1149 | D:1      | Reached XP level 3. HP: 8/18 MP: 4/4
  1869 | D:2      | Reached skill level 8 in Stealth
  2118 | D:2      | HP: 4/18 [bat (1)]
  2156 | D:2      | Reached XP level 4. HP: 7/22 MP: 5/5
  2442 | D:2      | Noticed Robin
  2799 | D:2      | HP: 5/22 [adder (2)]
  2801 | D:2      | Reached skill level 9 in Stealth
  3113 | D:2      | Killed Robin
  3331 | D:2      | HP: 5/22 [poisoned by an adder]
  3712 | D:2      | Reached XP level 5. HP: 25/25 MP: 6/6
  4555 | D:3      | Reached skill level 10 in Stealth
  4683 | D:3      | Noticed Grinder
  4687 | D:3      | Noticed Jessica
  4709 | D:3      | HP: 2/25 [Grinder (5)]
  4726 | D:3      | Found a glowing silver altar of Zin.
  5090 | D:3      | Reached skill level 2 in Dodging
  5234 | D:3      | Paralysed by Grinder for 7 turns
  5240 | D:3      | HP: 4/25 [Grinder (6)]
  5571 | D:3      | Killed Jessica
  5757 | D:4      | Noticed an ogre
  5759 | D:4      | Killed an ogre
  5759 | D:4      | Reached skill level 3 in Dodging
  5759 | D:4      | Reached XP level 6. HP: 30/30 MP: 7/7
  5836 | D:4      | Noticed Menkaure
  5958 | D:4      | HP: 3/30 [Menkaure/nerve-wracking pain (9)]
  7001 | D:4      | Reached skill level 4 in Dodging
  7001 | D:4      | Reached skill level 11 in Stealth
  7339 | D:4      | Found a glowing golden altar of the Shining One.
  7367 | D:5      | Entered Level 5 of the Dungeon
  7576 | D:5      | Noticed Eustachio
  7699 | D:5      | Found a sacrificial altar of Ru.
  7699 | D:5      | Found a snail-covered altar of Cheibriados.
  7874 | D:5      | Noticed Duvessa
  7877 | D:5      | Noticed Dowan
  8468 | D:5      | Killed Eustachio
  8468 | D:5      | Reached skill level 3 in Short Blades
  8468 | D:5      | Reached XP level 7. HP: 33/33 MP: 8/8
  8498 | D:6      | Reached skill level 5 in Dodging
  8509 | D:6      | Found Tegus's Magic Scroll Emporium.
  8517 | D:6      | Bought a scroll of identify for 26 gold pieces
  8676 | D:6      | Noticed Pikel
  8709 | D:6      | Found a glowing drain.
  8721 | Sewer    | Entered a sewer
  9031 | Sewer    | Reached skill level 4 in Short Blades
  9034 | Sewer    | Reached skill level 5 in Short Blades
  9223 | D:6      | Killed Pikel
  9223 | D:6      | Reached skill level 7 in Short Blades
  9223 | D:6      | Reached XP level 8. HP: 37/37 MP: 9/9
  9257 | D:6      | Got an ichor-stained hunting sling
  9285 | D:6      | Identified the cursed +0 hunting sling of the Immovable Lives {flame, rF++ Str+2 Int+2 Dex+3} (You found it on level 6 of the Dungeon)
  9288 | D:6      | Gained mutation: Your magical capacity is low. (-10% MP) [potion of mutation]
  9288 | D:6      | Gained mutation: You are surrounded by a mild repulsion field. (EV +2) [potion of mutation]
  9469 | D:6      | Reached skill level 8 in Short Blades
  9548 | D:6      | Found a hazy altar of Hepliaklqana.
  9670 | D:6      | Found a shimmering altar of Xom.
  9671 | D:6      | Found a burning altar of Makhleb.
  9718 | D:6      | Reached skill level 9 in Short Blades
  9801 | D:6      | Lost mutation: Your magical capacity is low. (-10% MP) [potion of mutation]
  9801 | D:6      | Lost mutation: You are surrounded by a mild repulsion field. (EV +2) [potion of mutation]
  9801 | D:6      | Gained mutation: Your flesh is cold resistant. (rC+) [potion of mutation]
  9801 | D:6      | Gained mutation: You evolve. [potion of mutation]
  9801 | D:6      | Gained mutation: You possess an exceptional clarity of mind. [potion of mutation]
  9926 | D:7      | Noticed Eptagon's ghost (novice OpFi)
 10222 | D:7      | Found Myfox's Distillery.
 10227 | D:7      | Bought a potion of might for 48 gold pieces
 10227 | D:7      | Bought a potion of agility for 48 gold pieces
 10227 | D:7      | Bought a potion of heal wounds for 60 gold pieces
 10227 | D:7      | Bought a potion of curing for 36 gold pieces
 10227 | D:7      | Bought a potion of curing for 36 gold pieces
 10227 | D:7      | Bought a potion of curing for 36 gold pieces
 10263 | D:7      | Found a staircase to the Ecumenical Temple.
 10268 | D:7      | Reached skill level 10 in Short Blades
 10268 | D:7      | Reached XP level 9. HP: 41/41 MP: 10/10
 10270 | Temple   | Entered the Ecumenical Temple
 10270 | Temple   | Gained mutation: Your flesh is very cold resistant. (rC++) [evolution]
 10324 | Temple   | Became a worshipper of Kikubaaqudgha
 10521 | D:7      | Found a sand-covered staircase.
 10529 | Ossuary  | Entered an ossuary
 10716 | Ossuary  | Reached * piety under Kikubaaqudgha
 10716 | Ossuary  | Identified Kikubaaqudgha's Collected Works on Stolen Souls (Kikubaaqudgha gifted it to you in an ossuary)
 10716 | Ossuary  | Received a gift from Kikubaaqudgha
 10824 | Ossuary  | Reached skill level 2 in Fighting
 10982 | Ossuary  | Reached ** piety under Kikubaaqudgha
 10982 | Ossuary  | Reached skill level 12 in Stealth
 11119 | D:7      | Reached skill level 6 in Dodging
 11302 | D:7      | Found a blossoming altar of Fedhas.
 11661 | D:8      | Reached skill level 3 in Fighting
 11673 | D:8      | Noticed a two-headed ogre
 11679 | D:8      | Killed a two-headed ogre
 11679 | D:8      | Reached skill level 8 in Dodging
 11679 | D:8      | Reached skill level 13 in Stealth
 11791 | D:8      | Noticed a komodo dragon
 11796 | D:8      | Killed a komodo dragon
 11796 | D:8      | Reached skill level 4 in Fighting
 11796 | D:8      | Reached XP level 10. HP: 49/49 MP: 11/11
 11821 | D:8      | Noticed a two-headed ogre
 12162 | D:8      | Killed a two-headed ogre
 12162 | D:8      | Reached skill level 9 in Dodging
 12280 | D:8      | Found a staircase to the Lair.
 12295 | D:8      | Reached skill level 5 in Fighting
 12594 | D:9      | Reached skill level 14 in Stealth
 12610 | D:9      | Reached *** piety under Kikubaaqudgha
 12610 | D:9      | Identified Kikubaaqudgha's Collected Works on Unholy Arts (Kikubaaqudgha gifted it to you on level 9 of the Dungeon)
 12610 | D:9      | Received a gift from Kikubaaqudgha
 12816 | D:9      | Gained mutation: Your system is resistant to poisons. (rPois) [evolution]
 13004 | D:9      | Reached skill level 10 in Dodging
 13587 | D:10     | Entered Level 10 of the Dungeon
 13688 | D:10     | Reached **** piety under Kikubaaqudgha
 13774 | D:10     | Found Poumad's Magic Scroll Shop.
 13874 | D:10     | Reached skill level 6 in Fighting
 14047 | D:10     | Noticed a two-headed ogre
 14268 | D:10     | Reached skill level 15 in Stealth
 14268 | D:10     | Reached XP level 11. HP: 56/56 MP: 12/12
 14304 | D:10     | Noticed a tengu warrior
 14308 | D:10     | Killed a tengu warrior
 14308 | D:10     | Reached skill level 11 in Dodging
 14472 | Lair:1   | Entered Level 1 of the Lair of Beasts
 15058 | D:11     | Gained mutation: You are occasionally teleported next to monsters. [evolution]
 15136 | D:7      | Bought a potion of mutation for 96 gold pieces
 15136 | D:7      | Lost mutation: You possess an exceptional clarity of mind. [potion of mutation]
 15136 | D:7      | Lost mutation: Your system is resistant to poisons. (rPois) [potion of mutation]
 15136 | D:7      | Lost mutation: You evolve. [potion of mutation]
 15136 | D:7      | Lost mutation: You are occasionally teleported next to monsters. [potion of mutation]
 15136 | D:7      | Lost mutation: Your flesh is very cold resistant. (rC++) [potion of mutation]
 15136 | D:7      | Gained mutation: You have a pair of small horns on your head. [potion of mutation]
 15136 | D:7      | Gained mutation: You are agile. (Dex +2) [potion of mutation]
 15289 | D:11     | HP: 13/58 [manticore (20)]
 15289 | D:11     | HP: 5/58 [manticore (8)]
 15569 | D:11     | Reached ***** piety under Kikubaaqudgha
 15910 | D:11     | Reached skill level 7 in Fighting
 16194 | D:11     | Noticed a wolf spider
 16203 | D:11     | Killed a wolf spider
 16259 | D:8      | Reached skill level 11 in Short Blades
 16909 | Lair:1   | HP: 13/58 [yak (2)]
 17296 | Lair:1   | Noticed MirrMurr's ghost (journeyman HOFi)
 17742 | Lair:2   | Reached skill level 8 in Fighting
 17978 | Lair:2   | Noticed a five-headed hydra
 17985 | Lair:2   | Killed a five-headed hydra
 17985 | Lair:2   | Reached skill level 12 in Dodging
 18043 | Lair:2   | Reached skill level 12 in Short Blades
 18043 | Lair:2   | Reached XP level 12. HP: 64/64 MP: 13/13
 18063 | Lair:2   | Reached skill level 16 in Stealth
 19079 | Lair:3   | Found a staircase to the Snake Pit.
 19665 | Lair:3   | Found a staircase to the Swamp.
 19758 | Lair:4   | Reached skill level 9 in Fighting
 20225 | Lair:4   | Reached ****** piety under Kikubaaqudgha
 20479 | Lair:4   | Noticed an eight-headed hydra
 20986 | Lair:4   | Killed an eight-headed hydra
 20986 | Lair:4   | Reached skill level 10 in Fighting
 21331 | Temple   | Identified a +9 rapier of pain (a +9 rapier of venom bloodied by Kikubaaqudgha)
 21331 | Temple   | Received a gift from Kikubaaqudgha
 21718 | Lair:3   | Reached skill level 1 in Spellcasting
 21824 | Lair:3   | Reached skill level 1 in Necromancy
 22024 | Lair:3   | Reached skill level 2 in Spellcasting
 22092 | Lair:5   | Noticed a five-headed hydra
 22160 | Lair:5   | Reached skill level 2 in Necromancy
 22194 | Lair:5   | Reached skill level 3 in Spellcasting
 22410 | Lair:5   | Reached skill level 3 in Necromancy
 22416 | Lair:5   | Reached skill level 4 in Spellcasting
 22453 | Lair:5   | Reached XP level 13. HP: 72/72 MP: 20/20
 22676 | Lair:5   | Reached skill level 5 in Spellcasting
 22679 | Lair:5   | Reached skill level 4 in Necromancy
 22925 | Lair:6   | Entered Level 6 of the Lair of Beasts
 23042 | Lair:6   | Found a staircase to the Slime Pits.
 23083 | Lair:6   | Reached skill level 6 in Spellcasting
 23227 | Lair:5   | Reached skill level 5 in Necromancy
 24072 | Lair:5   | Reached skill level 6 in Necromancy
 24361 | Lair:6   | Reached skill level 7 in Necromancy
 25017 | Lair:6   | Reached skill level 8 in Necromancy
 25375 | Lair:6   | Reached skill level 9 in Necromancy
 25426 | Lair:6   | HP: 17/72 [spriggan/short sword (8)]
 26146 | Lair:6   | HP: 13/72 [spriggan rider/uncursed spear (10)]
 26470 | Lair:6   | Reached skill level 10 in Necromancy
 26470 | Lair:6   | Reached XP level 14. HP: 29/77 MP: 25/25
 26692 | Lair:5   | Learned a level 6 spell: Simulacrum
 26811 | Lair:5   | Reached skill level 7 in Spellcasting
 27250 | D:11     | Reached skill level 1 in Ice Magic
 27811 | D:12     | Reached skill level 2 in Ice Magic
 27911 | D:12     | Found a roughly hewn altar of Beogh.
 27911 | D:12     | Found a staircase to the Orcish Mines.
 28299 | D:12     | Reached skill level 8 in Spellcasting
 28317 | Orc:1    | Entered Level 1 of the Orcish Mines
 28318 | Orc:1    | Upgraded the game from 0.21-a0-51-gea492e9 to 0.21-a0-52-gbf49515
 28321 | Orc:1    | Found a roughly hewn altar of Beogh.
 28322 | Orc:1    | Noticed a stone giant
 28363 | Orc:2    | Entered Level 2 of the Orcish Mines
 28803 | D:13     | Learned a level 5 spell: Dispel Undead
 28837 | D:13     | Reached skill level 3 in Ice Magic
 29560 | D:13     | Found a gate to the Vaults.
 29564 | D:13     | Reached skill level 9 in Spellcasting
 29803 | D:13     | Reached skill level 4 in Ice Magic
 29836 | D:13     | HP: 1/77 [rakshasa/orb of energy (21)]
 30753 | D:13     | Identified Sif Muna's Volume of Transmigration
 30800 | D:13     | Learned a level 5 spell: Agony
 31253 | D:13     | Reached skill level 11 in Necromancy
 31403 | D:14     | Found a burning altar of Makhleb.
 31625 | D:14     | Reached skill level 10 in Spellcasting
 31777 | D:14     | Found an opulent altar of Gozag.
 31783 | D:14     | Found a frozen archway.
 31806 | IceCv    | Entered an ice cave
 32262 | IceCv    | Identified the Reference Book on Ignition and Poisoning
 32317 | IceCv    | Reached skill level 5 in Ice Magic
 32328 | IceCv    | HP: 11/77 [yak (10)]
 32330 | IceCv    | Mangled by a yak

Vault maps used:
D:1:      dpeg_arrival_simpleton_c, minmay_misc_feat_ornament, minmay_vboxes
D:2:      kb_forest_paths, uniq_robin
D:3:      zin_scriptorium, uniq_jessica, uniq_grinder
D:4:      kennysheep_little_box, nicolae_overflow_hidden_temple, first_bread,
          uniq_menkaure
D:5:      gammafunk_temple_overflow_pools, serial_co_window_serial,
          co_window_paths_a, co_window_of_opportunity_a,
          co_window_of_opportunity_a, co_window_of_opportunity_a,
          co_window_paths_a, co_window_corner_a, co_window_paths_b,
          co_window_corner_b, co_window_paths_c, co_window_broadway_b,
          co_window_of_opportunity_c, co_window_paths_d, glass_columns_a,
          glass_columns_c, glass_columns_c, glass_columns_c, uniq_duvessa,
          uniq_eustachio
D:6:      lemuel_round_altar, grunt_temple_overflow_champion_of_chaos,
          portal_sewer_entry_d, serial_shops, shop,
          minmay_misc_feat_more_columns, uniq_pikel
D:7:      fedhas_altar_decomposition, lemuel_zombie_altar_yredelemnul,
          minmay_temple_entry_fiery, serial_shops, shop_fountains,
          nicolae_ossuary_entry_catacombs
D:8:      erik_lair_dragon
D:10:     serial_glass, glass_columns_c, glass_columns_a, serial_shops, shop,
          grunt_tengu_nest, minmay_holes
D:12:     minmay_isolated_rectangles_in_corner, david_orc_5, serial_ice,
          serial_ice_b, serial_ice_o, serial_ice_j, serial_ice_g, serial_ice_a
D:13:     dragon1_lemuel, hangedman_vaults_entry_quadrant_bands,
          minmay_protected_statue
D:14:     portal_ice_cave_entry_animals_and_master, basic_altar,
          nicolae_gozag_seed_capital, dk_noncrumbling_4,
          nicolae_for_you_no_charge
Temple:   jpeg_temple_alley_garden
Lair:1:   roderic_batcave, serial_bayou_lagoon_a
Lair:2:   lemuel_fruit_fields, serial_bayou_shore_a, grunt_megastairs_1
Lair:3:   minmay_swamp_entry_worms, minmay_snake_entry_six_corridors
Lair:4:   forest_entry_grove, grunt_megastairs_2
Lair:5:   infiniplex_staircase_pool_2
Lair:6:   minmay_lair_end_enchanted_forest, minmay_slime_entry_jelly_boxes
Orc:1:    basic_altar
Orc:2:    st_orc_elflike, nicolae_orc_stony_grotto
Sewer:    sewer_frog_island_01
Ossuary:  ossuary_tomb_2
IceCv:    ice_cave_caverns_02

Skill      XL: |  1  2  3  4  5  6  7  8  9 10 11 12 13 14 |
---------------+-------------------------------------------+-----
Stealth        | 6 7 8 9 10 11 13 15 16 | 16.4
Dodging        | 3 4 5 8 10 12 | 12.6
Short Blades   | 3 7 10 12 | 12.4
Fighting       | 4 6 8 10 | 10.2
Spellcasting   | 4 6 10 | 10.2
Necromancy     | 3 10 11 | 11.1
Ice Magic      | 5 |  5.0
Throwing       | |  2.0

Action                   |  1- 3 |  4- 6 |  7- 9 | 10-12 | 13-15 || total
-------------------------+-------+-------+-------+-------+-------++-------
Melee: Dagger            |   159 |   320 |       |       |       ||   479
       Rapier            |       |       |   224 |   685 |   951 ||  1860
       Headbutt          |       |       |       |    98 |   200 ||   298
 Fire: Blowgun           |     9 |     7 |       |     8 |       ||    24
 Cast: Dispel Undead     |       |       |       |       |    12 ||    12
Invok: Brand Weapon With |       |       |       |     1 |       ||     1
Evoke: Wand              |       |       |       |    30 |    11 ||    41
  Use: Scroll            |     2 |    12 |    10 |    12 |    13 ||    49
       Potion            |       |     5 |     2 |     5 |     3 ||    15
 Stab: Sleeping          |    13 |    13 |    44 |    54 |    41 ||   165
       Distracted        |     1 |     3 |       |    10 |    17 ||    31
       Confused          |       |       |       |     5 |     1 ||     6
       Paralysed         |       |       |       |     3 |       ||     3
       Petrified         |       |       |       |       |     1 ||     1
  Eat: Royal jelly       |       |     2 |     2 |     1 |       ||     5
       Bread ration      |       |       |       |     1 |     2 ||     3
       Fruit             |       |       |       |     2 |     2 ||     4
Armor: Robe              |    20 |    30 |    10 |    27 |    42 ||   129
Dodge: Dodged            |   143 |   215 |   139 |   515 |   840 ||  1852

Vault maps used:
D:1:      dpeg_arrival_simpleton_c, minmay_misc_feat_ornament, minmay_vboxes
D:2:      kb_forest_paths, uniq_robin
D:3:      zin_scriptorium, uniq_jessica, uniq_grinder
D:4:      kennysheep_little_box, nicolae_overflow_hidden_temple, first_bread,
          uniq_menkaure
D:5:      gammafunk_temple_overflow_pools, serial_co_window_serial,
          co_window_paths_a, co_window_of_opportunity_a,
          co_window_of_opportunity_a, co_window_of_opportunity_a,
          co_window_paths_a, co_window_corner_a, co_window_paths_b,
          co_window_corner_b, co_window_paths_c, co_window_broadway_b,
          co_window_of_opportunity_c, co_window_paths_d, glass_columns_a,
          glass_columns_c, glass_columns_c, glass_columns_c, uniq_duvessa,
          uniq_eustachio
D:6:      lemuel_round_altar, grunt_temple_overflow_champion_of_chaos,
          portal_sewer_entry_d, serial_shops, shop,
          minmay_misc_feat_more_columns, uniq_pikel
D:7:      fedhas_altar_decomposition, lemuel_zombie_altar_yredelemnul,
          minmay_temple_entry_fiery, serial_shops, shop_fountains,
          nicolae_ossuary_entry_catacombs
D:8:      erik_lair_dragon
D:10:     serial_glass, glass_columns_c, glass_columns_a, serial_shops, shop,
          grunt_tengu_nest, minmay_holes
D:12:     minmay_isolated_rectangles_in_corner, david_orc_5, serial_ice,
          serial_ice_b, serial_ice_o, serial_ice_j, serial_ice_g, serial_ice_a
D:13:     dragon1_lemuel, hangedman_vaults_entry_quadrant_bands,
          minmay_protected_statue
D:14:     portal_ice_cave_entry_animals_and_master, basic_altar,
          nicolae_gozag_seed_capital, dk_noncrumbling_4,
          nicolae_for_you_no_charge
Temple:   jpeg_temple_alley_garden
Lair:1:   roderic_batcave, serial_bayou_lagoon_a
Lair:2:   lemuel_fruit_fields, serial_bayou_shore_a, grunt_megastairs_1
Lair:3:   minmay_swamp_entry_worms, minmay_snake_entry_six_corridors
Lair:4:   forest_entry_grove, grunt_megastairs_2
Lair:5:   infiniplex_staircase_pool_2
Lair:6:   minmay_lair_end_enchanted_forest, minmay_slime_entry_jelly_boxes
Orc:1:    basic_altar
Orc:2:    st_orc_elflike, nicolae_orc_stony_grotto
Sewer:    sewer_frog_island_01
Ossuary:  ossuary_tomb_2
IceCv:    ice_cave_caverns_02

Table legend:
 A = Turns spent in this place as a percentage of turns spent in the entire game.
 B = Non-inter-level travel turns spent in this place as a percentage of non-inter-level travel turns spent in the entire game.
 C = Inter-level travel turns spent in this place as a percentage of turns spent in this place.
 D = Turns resting spent in this place as a percentage of non-inter-level travel turns spent in this place.
 E = Turns spent auto-exploring this place as a percentage of non-inter-level travel turns spent in this place.
 F = Non-inter-level travel turns spent in this place divided by the number of levels of this place that you've seen.
                   A       B       C       D       E      F
               +-------+-------+-------+-------+-------+----------------------
         Total | 100.0 | 100.0 |   0.7 |   3.1 |   5.2 | 379.3
       Dungeon |  59.3 |  59.2 |   0.7 |   2.7 |   6.6 | 417.2
        Temple |   0.7 |   0.6 |   3.1 |   3.2 |   0.0 |  63.0
          Lair |  33.3 |  33.3 |   0.7 |   3.5 |   3.0 | 546.8
  Orcish Mines |   1.6 |   1.6 |   0.0 |   0.0 |   1.9 |  77.5
         Sewer |   2.1 |   2.1 |   0.0 |   5.8 |   3.4 | 206.0
       Ossuary |   1.3 |   1.4 |   0.0 |  10.4 |  18.7 | 134.0
      Ice Cave |   1.8 |   1.8 |   0.0 |   6.1 |   0.0 | 181.0
               +-------+-------+-------+-------+-------+----------------------

Table legend:
 A = Kills in this place as a percentage of kills in entire the game.
 B = Kills by you in this place as a percentage of kills by you in the entire game.
 C = Kills by friends in this place as a percentage of kills by friends in the entire game.
 D = Other kills in this place as a percentage of other kills in the entire game.
 E = Experience gained in this place as a percentage of experience gained in the entire game.
 F = Experience gained in this place divided by the number of levels of this place that you have seen.
                   A       B       C       D       E      F
               +-------+-------+-------+-------+-------+----------------------
         Total | 100.0 | 100.0 | 100.0 |  -nan | 100.0 | 3674.2
       Dungeon |  57.4 |  57.5 |   0.0 |  -nan |  44.3 | 3025.8
          Lair |  31.4 |  31.2 | 100.0 |  -nan |  52.1 | 8289.0
  Orcish Mines |   2.0 |   2.0 |   0.0 |  -nan |   0.4 | 180.0
         Sewer |   2.9 |   2.9 |   0.0 |  -nan |   0.2 | 221.0
       Ossuary |   4.4 |   4.4 |   0.0 |  -nan |   0.4 | 392.0
      Ice Cave |   1.9 |   1.9 |   0.0 |  -nan |   2.6 | 2461.0
               +-------+-------+-------+-------+-------+----------------------
